 Dungeon Crawl Stone Soup version 0.30.0-29-ga12c61a403 (webtiles) character file.

Game seed: 18240086233057506266

543 Tirrikindir the Slasher (level 7, -1/48 HPs)
             Began as an Octopode Fighter on June 21, 2023.
             Was an Initiate of Trog.
             Slain by a gnoll
             ... wielding a +0 spear
              (10 damage)
             ... on level 5 of the Dungeon.
             The game lasted 00:09:26 (3787 turns).

Tirrikindir the Slasher (Octopode Fighter)          Turns: 3787, Time: 00:09:26

Health: -1/48      AC:  1    Str: 21    XL:     7   Next: 27%
Magic:  16/16      EV: 14    Int: 11    God:    Trog [......]
Gold:   144        SH:  5    Dex: 13    Spells: 6/6 levels left

rFire   . . .        u - +1 long sword (elec)
rCold   . . .        b - +0 buckler
rNeg    . . .        (helmet restricted)
rPois   .            r - amulet of faith
rElec   .            f - ring of magical power
rCorr   .            p - +6 ring of strength
SInv    +            s - ring of see invisible
Will    .....        (no ring)
Stlth   +++          (no ring)
HPRegen 0.28/turn    (no ring)
MPRegen 0.15/turn    (no ring)
                     (no ring)

%: faith
@: mighty
A: almost no armour, amphibious, 8 rings, camouflage 1, gelatinous body 1,
(nimble swimmer 1), tentacles
a: Renounce Religion


You were on level 5 of the Dungeon.
You worshipped Trog.
Trog was noncommittal.
You visited 1 branch of the dungeon, and saw 5 of its levels.

You collected 332 gold pieces.
You spent 188 gold pieces at shops.

Inventory:

Hand Weapons
 d - a +3 dagger of electrocution
 u - a +1 long sword of electrocution (weapon)
Missiles
 g - 10 poisoned darts (quivered)
Armour
 b - a +0 buckler (worn)
Jewellery
 f - a ring of magical power (left tentacle)
 p - a +6 ring of strength (right tentacle)
 r - an amulet of faith (around mantle)
 s - a ring of see invisible (on tentacle)
Wands
 n - a wand of flame (10)
 v - a wand of polymorph (6)
Scrolls
 a - a scroll of teleportation {unknown}
 e - a scroll of fog
 h - a scroll of immolation
 i - a scroll of blinking
 j - a scroll of butterflies
 k - 3 scrolls of vulnerability
 o - a scroll of magic mapping
 t - a scroll of enchant armour
Potions
 c - a potion of might
 l - a potion of mutation
 m - a potion of resistance
 q - a potion of curing
 w - a potion of ambrosia {unknown}


   Skills:
 + Level 4.1 Fighting
 * Level 4.6 Long Blades
 - Level 4.0 Dodging
 + Level 4.1 Stealth
 - Level 4.0 Shields
 + Level 2.3 Evocations


You had 6 spell levels left.
You didn't know any spells.
Your spell library contained the following spells:

 Spells                   Type           Power      Damage    Failure   Level
 Vhi's Electric Charge    Tloc/Air       0%         N/A       78%         3
 Animate Dead             Necr           0%         N/A       99%         4
 Passage of Golubria      Tloc           0%         N/A       99%         4
 Arcjolt                  Conj/Air       0%         1d10      100%        5
 Borgnjor's Vile Clutch   Necr/Erth      0%         N/A       100%        5
 Silence                  Hex/Air        0%         N/A       100%        5
 Death Channel            Necr           0%         N/A       100%        6
 Plasma Beam              Fire/Air       0%         2x1d11    100%        6
 Lehudib's Crystal Spear  Conj/Erth      0%         10d2      100%        8


Dungeon Overview and Level Annotations

Branches:
Dungeon (5/15)
 Temple: D:4-7

Altars:
Trog

Shops:
D:4 (

Annotations:
D:3 2 runed translucent doors, cdecastro's ghost, amateur DrTm


Innate Abilities, Weirdness & Mutations

You cannot wear most types of armour.
You are amphibious.
You can wear up to eight rings at the same time.
Your skin changes colour to match your surroundings (Stealth+).
Your rubbery body absorbs attacks. (AC +1, EV +1)
((You are camouflaged when in or above water. (Stealth+)))
You have tentacles for arms and can constrict up to eight enemies at once.


Message History

Okay, then.
Okay, then.
You feel very mighty all of a sudden. The gnoll misses you.
The gnoll barely misses you.
You hit the gnoll. Your grab misses the gnoll.
The gnoll is moderately wounded.
You block the gnoll's attack. The gnoll misses you.
You hit the gnoll. You grab the gnoll. You squeeze the gnoll.
You kill the gnoll!
Trog accepts your kill. You block the gnoll's attack. The gnoll misses you.
You slash the gnoll! Your grab misses the gnoll.
The gnoll is almost dead.
The gnoll misses you.
You hit the gnoll but do no damage. You grab the gnoll.
You constrict the gnoll.
The gnoll hits you from afar with a +0 spear!
The gnoll barely misses you.
You slash the gnoll!
You kill the gnoll!
Trog accepts your kill. You block the gnoll's attack.
The gnoll closely misses you.
The gnoll hits you from afar with a +0 spear.
Items here: $ )) †.
You completely miss the gnoll. You grab the gnoll.
The gnoll is almost dead.
You constrict the gnoll. The gnoll hits you with a +0 spear.
You block the gnoll's attack.
You hit the gnoll.
You kill the gnoll!
Trog accepts your kill.
The gnoll throws a stone.
The stone hits you.
You hit the ogre.
The ogre is moderately wounded.
The ogre hits you with a +0 giant club!
* * * LOW HITPOINT WARNING * * *
The gnoll hits you from afar with a +0 spear!
You die...

####.....:..#
#...........#
#....†......#########
#....###+#..........#
#....# #.#####...##.#
#....# #.# #....# #
#....# #.# #.†..#
#....###.# #...<#
#....gO@.# #...##
#....##### #....
#....| #....# #.....g
#.(..# ###.....
#....# #...... #....#
#....... #...
#........


You could see an ogre and a gnoll.

Vanquished Creatures
  An ogre (D:4)
  Blork the orc (D:4)
  A scorpion (D:5)
  A howler monkey (D:4)
  3 hounds
  2 iguanas (D:5)
  3 gnolls (D:5)
  7 adders
  3 dart slugs
  2 orcs
  3 endoplasms
  4 giant cockroaches
  8 goblins
  3 hobgoblins
  4 jackals (D:1)
  8 kobolds
  4 quokkas
  A ball python (D:1)
  4 bats (D:1)
  6 frilled lizards
  4 rats
73 creatures vanquished.

Notes
Turn   | Place    | Note
-------+----------+-------------------------------------------
     0 | D:1      | Tirrikindir the Octopode Fighter began the quest for the
                  | Orb.
     0 | D:1      | Reached XP level 1. HP: 16/16 MP: 1/1
    72 | D:1      | Reached XP level 2. HP: 21/21 MP: 2/2
   144 | D:1      | Reached skill level 1 in Stealth
   295 | D:1      | Reached XP level 3. HP: 17/26 MP: 3/3
   885 | D:2      | Identified the +2 scale mail of the Kettle-Drum {-Tele +Inv
                  | rN+++}
   992 | D:2      | Found a faded altar of an unknown god.
  1133 | D:2      | You fall into a shaft and drop 1 floor!
  1680 | D:2      | Reached XP level 4. HP: 31/31 MP: 4/4
  2073 | D:3      | Found a large runed translucent door.
  2085 | D:3      | Found a large runed translucent door.
  2087 | D:3      | Noticed cdecastro's ghost (amateur DrTm)
  2640 | D:4      | Noticed an ogre
  2647 | D:4      | Killed an ogre
  2648 | D:4      | Reached skill level 1 in Evocations
  2648 | D:4      | Reached XP level 5. HP: 36/36 MP: 5/5
  2798 | D:4      | Noticed Blork the orc
  2806 | D:4      | Killed Blork the orc
  2807 | D:4      | Reached XP level 6. HP: 4/43 MP: 6/6
  3371 | D:4      | Found a bloodstained altar of Trog.
  3378 | D:4      | Became a worshipper of Trog the Wrathful
  3393 | D:4      | Found Naafot's Weapon Shoppe.
  3401 | D:4      | Bought a +1 long sword of electrocution for 188 gold pieces
  3542 | D:5      | Entered Level 5 of the Dungeon
  3667 | D:5      | Reached XP level 7. HP: 35/48 MP: 7/7
  3787 | D:5      | Slain by a gnoll

Illustrated notes

Levels and vault maps discovered:
D:1:      minmay_arrival_cross, layout_basic, serial_aquarium,
          aquarium_bridge_square [aquarium_subvault_bridge,
          aquarium_subvault_window, aquarium_subvault_wall,
          aquarium_subvault_bridge], aquarium_window_fake, aquarium_window_fake,
          aquarium_view_2e, aquarium_view_2e, chequers_serial_rivers_small_a,
          minivault_5
D:2:      layout_basic, shapermc_ecumenical_altar_starsandcircs
D:3:      layout_basic, ebering_ghost_disaster_area
D:4:      layout_basic, mainiacjoe_overflow_six_doors_small, serial_shops,
          nicolae_shop_bloodbath_and_beyond, kennysheep_minor_cross,
          fountainhead, uniq_blork_the_orc
D:5:      layout_basic, serial_curves, eino_curves_03, eino_curves_04,
          gammafunk_ghost_smash, serial_shops,
          nicolae_shop_pleasant_corner_grove

Skill      XL: |  1  2  3  4  5  6  7 |
---------------+----------------------+-----
Stealth        | 1 2 3 4 |  4.1
Long Blades    | 3 4 |  4.6
Evocations     | 1 2 |  2.3
Dodging        | 4 |  4.0
Fighting       | 4 |  4.1
Shields        | 4 |  4.0

Action                     |  1- 3 |  4- 6 |  7- 9 || total
---------------------------+-------+-------+-------++-------
  Melee: Long sword        |    68 |    64 |    12 ||   144
         Constrict         |    11 |    16 |     5 ||    32
         Tentacles         |     8 |    14 |     4 ||    26
    Use: Scroll            |     6 |     5 |       ||    11
         Potion            |       |     1 |     1 ||     2
   Stab: Sleeping          |    11 |    11 |       ||    22
 Armour: Skin              |     4 |     3 |       ||     7
  Dodge: Dodged            |    32 |    31 |    12 ||    75
  Block: Buckler           |    14 |    13 |     6 ||    33
